 Dungeon Crawl Stone Soup version 0.30-a0-965-g42e074c17a (webtiles) character file.

Game seed: 1589068484865862943

254 Googleaster1 the Cleaver (level 5, -3/45 HPs)
             Began as a Minotaur Berserker on Mar 30, 2023.
             Was a Believer of Trog.
             Slain by an orc priest
             ... wielding a +0 flail
              (7 damage)
             ... on level 4 of the Dungeon.
             The game lasted 00:12:22 (3239 turns).

Googleaster1 the Cleaver (Minotaur Berserker)       Turns: 3239, Time: 00:12:23

Health: -3/45      AC:  7    Str: 23    XL:     5   Next: 91%
Magic:  4/4        EV: 10    Int:  4    God:    Trog [**....]
Gold:   271        SH:  0    Dex: 10    Spells: 4/4 levels left

rFire   . . .      SeeInvis .    l - +0 war axe
rCold   . . .      Faith    .    (no shield)
rNeg    + . .      Spirit   .    j - +1 scale mail
rPois   .          Reflect  .    (helmet restricted)
rElec   .          Rampage  .    (no cloak)
rCorr   .                        (no gloves)
Will    .....                    (no boots)
Stlth   +                        (no amulet)
HPRegen 0.27/turn                d - ring of positive energy
MPRegen 0.09/turn                k - ring of Shadows {Umbra +Inv Stlth+}

@: on berserk cooldown, slowed, wreathed by umbra, very slow
A: horns 2, retaliatory headbutt
a: Renounce Religion, Evoke Invisibility, Berserk, Trog's Hand


You were on level 4 of the Dungeon.
You worshipped Trog.
Trog was pleased with you.
You visited 1 branch of the dungeon, and saw 4 of its levels.

You collected 271 gold pieces.

Inventory:

Hand Weapons
 a - a +1 hand axe
 l - a +0 war axe (weapon)
Armour
 b - a +0 animal skin
 j - a +1 scale mail (worn)
Jewellery
 d - a ring of positive energy (left hand)
 k - the ring of Shadows (right hand) {Umbra +Inv Stlth+}
   (You found it on level 3 of the Dungeon)

   [ring of stealth]

   Umbra:     It surrounds you with an aura of shadow, increasing your stealth
   and reducing the accuracy of all others within it.
   +Inv:      It lets you turn invisible.
   Stlth:     It makes you more stealthy.
Scrolls
 e - a scroll of poison
 n - a scroll of torment
 o - a scroll of magic mapping
 p - a scroll of enchant armour
 q - a scroll of enchant weapon
Potions
 c - 3 potions of lignification
 f - a potion of magic (quivered)
 g - a potion of degeneration
 i - 2 potions of curing
 m - a potion of brilliance


   Skills:
 - Level 3.6 Fighting
 + Level 8.0 Axes
 - Level 2.4 Armour
 - Level 2.1 Dodging
 - Level 0.3 Stealth


You had 4 spell levels left.
You didn't know any spells.
Your spell library was empty.

Dungeon Overview and Level Annotations

Branches:
Dungeon (4/15)
 Temple: D:4-7

Altars:
Gozag
Kikubaaqudgha


Innate Abilities, Weirdness & Mutations

You have a pair of horns on your head.
You reflexively headbutt those who attack you in melee.


Message History

An orc comes into view. It is wielding a +0 hand axe.
Found 17 gold pieces and a hand axe.
The orc shouts!
An orc comes into view.
It is wielding a +0 club and wearing a +0 leather armour of fire resistance.
An orc priest comes into view. It is wielding a +0 flail.
The orc priest shouts!
The orc priest invokes the aid of Beogh against you.
Beogh smites you! The orc barely misses you.
An orc comes into view. It is wielding a +0 club.
The orc attacks as you move away! The orc hits you with a +0 club.
You don't know any spells.
A red film seems to cover your vision as you go berserk!
You feel yourself moving faster!
You feel mighty! The orc barely misses you. You furiously retaliate!
You headbutt the orc!
You feel the power of Trog in you as your rage grows.
You kill the orc!
Trog accepts your kill.
You feel a strong urge to attack something.
Found a stone staircase leading down.
You feel your anger nearly subside.
Your blood rage is quickly leaving you.
You are no longer berserk.
You are exhausted.
You feel yourself slow down. The orc barely misses you.
You slash the orc!
You kill the orc!
Trog accepts your kill. The orc priest closely misses you.
The orc priest mumbles some strange prayers to Beogh against you.
Beogh smites you!
* * * LOW HITPOINT WARNING * * *
You feel better.
The orc priest invokes the aid of Beogh against you.
Pain shoots through your body!
* * * LOW HITPOINT WARNING * * *
The orc hits you with a +0 hand axe.
* * * LOW HITPOINT WARNING * * *
An orc wizard comes into view. It is wielding a +0 dagger.
The orc priest hits you with a +0 flail!
You die...

#....###..........##.#
###...#..oo...........
...#.#...............
.####.#o..............
#. #..o).o..o.!......
# ###.#...##........
#o#######.......
#oo##### .o.....
##@...>##..$....
#..........oo.$
#####.##....... #
...o...


You could see 2 orc priests, an orc wizard and 2 orcs.

Vanquished Creatures
  A phantom (D:3)
  A scorpion (D:4)
  A hound (D:2)
  2 adders
  2 worms
  2 dart slugs
  3 orcs (D:4)
  3 ball pythons
  5 bats
  5 endoplasms
  3 giant cockroaches
  5 goblins
  3 hobgoblins
  10 jackals
  6 kobolds
  2 frilled lizards
  4 rats
58 creatures vanquished.

Vanquished Creatures (others)
  9 plants (D:2)
  9 withered plants (D:2)
18 creatures vanquished.

Grand Total: 76 creatures vanquished

Notes
Turn   | Place    | Note
-------+----------+-------------------------------------------
     0 | D:1      | Googleaster1 the Minotaur Berserker began the quest for the
                  | Orb.
     0 | D:1      | Reached XP level 1. HP: 19/19 MP: 0/0
    31 | D:1      | Reached skill level 4 in Axes
   192 | D:1      | Reached XP level 2. HP: 26/26 MP: 1/1
   621 | D:1      | Reached skill level 5 in Axes
  1022 | D:2      | Reached XP level 3. HP: 29/31 MP: 2/2
  1081 | D:2      | HP: 1/31 [hound (5)]
  1348 | D:2      | Reached XP level 4. HP: 39/39 MP: 3/3
  1408 | D:2      | Reached skill level 6 in Axes
  1534 | D:2      | Found a faded altar of an unknown god.
  1828 | D:2      | Found an opulent altar of Gozag.
  2055 | D:3      | Reached ** piety under Trog
  2216 | D:3      | Found the ring of Shadows {Umbra +Inv Stlth+}
  2259 | D:3      | Found an ancient bone altar of Kikubaaqudgha.
  2622 | D:3      | Noticed a phantom
  2629 | D:3      | Killed a phantom
  2630 | D:3      | Reached skill level 7 in Axes
  2630 | D:3      | Reached XP level 5. HP: 41/45 MP: 4/4
  3202 | D:4      | Reached skill level 8 in Axes
  3238 | D:4      | HP: 1/45 [orc priest/divine providence (16)]
  3239 | D:4      | Slain by an orc priest

Illustrated notes

Levels and vault maps discovered:
D:1:      shiori_arrival_elements, layout_basic, hangedman_decor_clover_reticule
D:2:      layout_basic, shapermc_ecumenical_altar_flowoftime, basic_altar,
          bh_walls_and_bars
D:3:      layout_loops_ring, lemuel_crystal_altar, serial_co_window_serial,
          co_window_paths_a, co_window_paths_a, co_window_paths_b,
          co_window_of_opportunity_a, co_window_paths_a, co_window_paths_b,
          co_window_paths_b, co_window_unsneaky_path_b, co_window_paths_c,
          co_window_corner_ca, co_window_broadway_b, co_window_cross_3,
          co_window_2corner, co_window_paths_d, glass_columns_a
D:4:      layout_rooms, guppyfry_shop_venom

Skill      XL: |  1  2  3  4  5 |
---------------+----------------+-----
Axes           | 4 5 7 8 |  8.0
Fighting       | |  3.6
Armour         | |  2.4
Dodging        | |  2.1
Stealth        | |  0.3

Action                     |  1- 3 |  4- 6 || total
---------------------------+-------+-------++-------
  Melee: Hand axe          |    76 |    53 ||   129
         Headbutt          |    11 |    11 ||    22
         War axe           |       |    32 ||    32
         Punch             |       |     1 ||     1
 Invoke: Berserk           |     1 |     1 ||     2
    Use: Potion            |     5 |     3 ||     8
         Scroll            |     3 |     5 ||     8
 Armour: Animal skin       |    18 |       ||    18
         Scale mail        |       |    13 ||    13
  Dodge: Dodged            |    44 |    27 ||    71

Table legend: (Time is in decaauts)
 A = Elapsed time spent in this place.
 B = Non-inter-level travel time spent in this place.
 C = Inter-level travel time spent in this place.
 D = Time resting spent in this place.
 E = Time spent auto-exploring this place.
 F = Levels seen in this place.
 G = Mean time per level.
                   A        B        C        D        E       F      G
               +--------+--------+--------+--------+--------+-----+--------+
         Total |   3236 |   2812 |    424 |      0 |   2173 |   4 |  809.0 |
       Dungeon |   3236 |   2812 |    424 |      0 |   2173 |   4 |  809.0 |
               +--------+--------+--------+--------+--------+-----+--------+

Top non-repeatable levels by time:
     D:3: 1130 daAuts
     D:2: 1089 daAuts
     D:1: 950 daAuts
     D:4: 67 daAuts
